 Dungeon Crawl Stone Soup version 0.30-a0-1112-gfb780f5df6 (webtiles) character file.

Game seed: 8479385402512013477

33780 scionoferis the Party-goer (level 13, -6/71 HPs)
             Began as a Vine Stalker Fighter on Apr 19, 2023.
             Was a Follower of Uskayaw.
             Shot with an arrow by Nessos (9 damage)
             ... on level 3 of the Lair of Beasts.
             The game lasted 00:52:43 (14110 turns).

scionoferis the Party-goer (Vine Stalker Fighter)  Turns: 14110, Time: 00:52:44

Health: -6/71      AC: 15    Str: 24    XL:     13   Next: 73%
Magic:  0/21       EV: 12    Int:  8    God:    Uskayaw [*.....]
Gold:   913        SH:  5    Dex: 14    Spells: 10/12 levels left

rFire   . . .      SeeInvis +    a - +4 short sword (elec)
rCold   + . .      Faith    +    c - +0 buckler
rNeg    . . .      Spirit   +    D - +3 ring mail
rPois   .          Reflect  .    o - +0 helmet
rElec   .          Rampage  .    m - +0 cloak
rCorr   .                        T - +1 pair of gloves
Will    +....                    S - +0 pair of boots
Stlth   +++                      N - amulet of faith
HPRegen 1.11/turn                t - ring of see invisible
MPRegen 0.17/turn                n - ring of protection from cold

@: lethally poisoned (-6 -> -9)
A: fangs 3, regeneration 1, magic shield, antimagic bite, no potion heal 2
a: Renounce Religion, Stomp


You were on level 3 of the Lair of Beasts.
You worshipped Uskayaw.
Uskayaw was aware of your devotion.
You visited 3 branches of the dungeon, and saw 16 of its levels.

You collected 1060 gold pieces.
You spent 147 gold pieces at shops.


Innate Abilities, Weirdness & Mutations

You have razor-sharp teeth.
Your natural rate of healing is unusually fast.
When hurt, damage is shared between your health and your magic reserves.
Your bite disrupts and absorbs the magic of your enemies.
Potions cannot restore your health.


   Skills:
 + Level 9.6 Fighting
 - Level 10.0 Short Blades
 + Level 5.6 Throwing
 + Level 6.5 Armour
 - Level 5.0 Dodging
 + Level 8.2 Stealth
 - Level 5.0 Shields
 + Level 10.2 Invocations
 - Level 6.0 Evocations


You had 10 spell levels left.
You knew the following spells:

 Your Spells              Type           Power      Damage    Failure   Level
a - Wereblood             Tmut           0%         N/A       77%         2

Your spell library contained the following spells:

 Spells                   Type           Power      Damage    Failure   Level
 Poisonous Vapours        Pois/Air       0%         N/A       77%         2
 Sublimation of Blood     Necr           0%         N/A       77%         2
 Frozen Ramparts          Ice            0%         1d1       94%         3
 Mephitic Cloud           Conj/Pois/Air  0%         N/A       94%         3
 Summon Guardian Golem    Hex/Summ       0%         N/A       94%         3
 Anguish                  Hex/Necr       0%         N/A       100%        4
 Animate Armour           Summ/Erth      0%         N/A       100%        4
 Cause Fear               Hex            0%         N/A       100%        4
 Ice Form                 Ice/Tmut       0%         N/A       100%        4
 Leda's Liquefaction      Hex/Erth       0%         N/A       100%        4
 Summon Ice Beast         Ice/Summ       0%         N/A       100%        4
 Alistair's Intoxication  Tmut/Pois      0%         N/A       100%        5
 Blade Hands              Tmut           0%         N/A       100%        5
 Borgnjor's Vile Clutch   Necr/Erth      0%         N/A       100%        5
 Lee's Rapid Deconstruct  Erth           0%         3d4*      100%        5
 Eringya's Noxious Bog    Tmut/Pois      0%         N/A       100%        6
 Iron Shot                Conj/Erth      0%         9d1       100%        6
 Statue Form              Tmut/Erth      0%         N/A       100%        6
 Enfeeble                 Hex            0%         N/A       100%        7
 Orb of Destruction       Conj           0%         9d5       100%        7
 Spellforged Servitor     Conj/Summ      0%         N/A       100%        7
 Summon Hydra             Summ           0%         N/A       100%        7

Inventory:

Hand Weapons
 a - a +4 short sword of electrocution (weapon)
   (You took it off a kobold on level 7 of the Dungeon)
Missiles
 e - 31 poisoned darts (quivered)
 G - 9 boomerangs
 V - 2 curare-tipped darts
Armour
 c - a +0 buckler (worn)
 m - a +0 cloak (worn)
   (You found it on level 2 of the Dungeon)
 o - a +0 helmet (worn)
   (You took it off Robin on level 2 of the Dungeon)
 D - a +3 ring mail (worn)
   (You took it off an orc on level 3 of the Dungeon)
 S - a +0 pair of boots (worn)
   (You found it on level 11 of the Dungeon)
 T - a +1 pair of gloves (worn)
   (You found it on level 11 of the Dungeon)
Jewellery
 h - an amulet of reflection
   (You found it on level 1 of the Dungeon)
 n - a ring of protection from cold (right hand)
   (You found it on level 11 of the Dungeon)
 t - a ring of see invisible (left hand)
   (You found it on level 3 of the Dungeon)
 A - a ring of fire
   (You found it on level 5 of the Dungeon)
 L - a ring of ice
   (You found it on level 7 of the Dungeon)
 N - an amulet of faith (around neck)
   (You found it on level 9 of the Dungeon)
Wands
 q - a wand of quicksilver (25)
   (You found it on level 3 of the Dungeon)
 z - a wand of iceblast (9)
   (You found it on level 4 of the Dungeon)
 J - a wand of charming (9)
   (You found it on level 2 of the Lair of Beasts)
 M - a wand of flame (32)
   (You took it off a gnoll on level 8 of the Dungeon)
 O - a wand of polymorph (7)
   (You found it on level 2 of the Lair of Beasts)
Scrolls
 b - a scroll of vulnerability
 f - a scroll of fear
 i - 2 scrolls of magic mapping
 k - 4 scrolls of fog
 l - 5 scrolls of teleportation
 v - 5 scrolls of poison
 B - 2 scrolls of silence
 P - a scroll of acquirement
 U - a scroll of identify
 W - a scroll of blinking
Potions
 d - 2 potions of mutation {unknown}
 j - 4 potions of haste
 p - 2 potions of invisibility {unknown}
 r - 2 potions of experience {unknown}
 s - 8 potions of heal wounds
 u - 2 potions of curing
 x - 2 potions of lignification {unknown}
 C - 3 potions of resistance {unknown}
 E - 5 potions of brilliance
 F - 3 potions of attraction
 H - 3 potions of cancellation {unknown}
 I - 3 potions of flight {unknown}
 K - 2 potions of degeneration {unknown}
 Q - a potion of magic {unknown}
 Y - 2 potions of might
Miscellaneous
 X - a phantom mirror
   (You found it on level 2 of the Lair of Beasts)

Dungeon Overview and Level Annotations

Branches:
Dungeon (12/15)            Temple (1/1) D:5            Lair (3/5) D:8
  Swamp (0/4) Lair:2          Orc (0/2) D:12
  Snake: Lair:2-3    Spider: Lair:2-3

Altars:
Ashenzari
Cheibriados
Dithmenos
Elyvilon
Fedhas
Gozag
Hepliaklqana
Kikubaaqudgha
Makhleb
Nemelex Xobeh
Okawaru
Qazlal
Ru
Sif Muna
Trog
Uskayaw
Vehumet
Wu Jian
Xom
Yredelemnul
Zin
The Shining One

Shops:
D:2 [   D:3 [   D:8 [

Portals:
Abyss: D:7

Annotations:
D:9 3 runed translucent doors, cdice's ghost, journeyman OgRe
Lair:3 Nessos

#.. #.##### ##P.###.##.#
#.........## .........
##.........# #.>......
##P....†....####....c..§..
............##P##.........
....[.......#...+........(
#......<§§§§....#..§......
##......§@§§.##.#.........
#......§§§c####§.........
##.....§§§§# #.#......(§.
####.#.#..# ##..........
###.#.## ###.c#..##. .....
##......# ..P#P##
#######[P.P #. ###
.....c..... #+ ...........


You could see Nessos (fast).


Message History

The blink frog gives a loud, deep croak! x2
You hear a loud, deep croak!
The blink frog blinks!
The blink frog gives a loud, deep croak!
The blink frog blinks!
The blink frog croaks.
You hit the blink frog. Your bite misses the blink frog.
The blink frog is lightly wounded.
The blink frog hits you but does no damage.
You hit the blink frog.
Lightning courses through the blink frog!
You bite the blink frog!
The blink frog's magic leaks into the air.
You drain its magic.
The blink frog is almost dead.
The blink frog blinks!
You can now pass through a line of other dancers.
You completely miss the blink frog. You bite the blink frog.
You kill the blink frog!
A bullfrog comes into view.
A cane toad comes into view.
The bullfrog moves out of view.
The blink frog blinks!
The blink frog hits you.
You barely miss the blink frog.
The cane toad croaks.
The bullfrog croaks.
You bite the blink frog!
The blink frog's magic leaks into the air.
You drain its magic.
You feel invigorated.
The blink frog is moderately wounded.
The blink frog blinks!
The blink frog hits you.
Uskayaw will force your foes to helplessly watch your dance.
Uskayaw prepares the audience for your solo!
The helpless blink frog fails to defend itself.
You spit the blink frog like a pig!!!
You kill the blink frog!
A swamp worm comes into view.
Your Armour skill increases to level 6!
The helpless blink frog fails to defend itself.
You skewer the blink frog like a kebab!!!
You kill the blink frog!
Uskayaw will force your foes to share their pain.
Uskayaw links your audience in an emotional bond!
Unknown command.
The blink frog is no longer paralysed. x2; The blink frog blinks!
The cane toad is no longer paralysed.
The bullfrog is no longer paralysed.
The six-headed hydra roars!
The blink frog is no longer sharing its pain.
The swamp worm is no longer sharing its pain.
The cane toad is no longer sharing its pain.
The blink frog is no longer sharing its pain.
The bullfrog barely misses you. You block the blink frog's attack.
The cane toad stings you but does no damage.
You climb upwards.
There is a stone staircase leading down here.
You puncture the blink frog!
Lightning courses through the blink frog!
Your bite misses the blink frog.
The blink frog is severely wounded.
You block the bullfrog's attack. The blink frog barely misses you.
The cane toad stings you but does no damage.
Uskayaw will force your foes to share their pain.
You hit the cane toad but do no damage. The bullfrog barely misses you.
The blink frog hits you!
You hit the cane toad.
The cane toad is lightly wounded.
The cane toad stings you but does no damage.
The bullfrog closely misses you.
The blink frog hits you but does no damage.
You barely miss the cane toad.
The cane toad is lightly wounded.
The bullfrog is no longer sharing its pain.
The cane toad stings you but does no damage.
The bullfrog hits you but does no damage.
You hit the cane toad.
You bite the cane toad, but do no damage.
The cane toad is lightly wounded.
The blink frog closely misses you.
You hit the cane toad.
Lightning courses through the cane toad!
The cane toad is heavily wounded.
The bullfrog hits you but does no damage.
The cane toad stings you! You block the blink frog's attack.
You can now merge with and destroy a victim.
You hit the cane toad. Your bite misses the cane toad.
The cane toad is severely wounded.
The bullfrog completely misses you. The cane toad stings you.
You are poisoned.
The cane toad poisons you! The blink frog barely misses you.
You hit the cane toad but do no damage. Your bite misses the cane toad.
The cane toad is severely wounded.
You feel sick. You block the bullfrog's attack.
The blink frog barely misses you.
You hit the cane toad.
The cane toad is severely wounded.
You feel sick. The cane toad closely misses you.
The bullfrog barely misses you.
You hit the cane toad. You bite the cane toad! You drain its power.
You feel invigorated.
The cane toad is almost dead.
You feel sick. The blink frog hits you. The cane toad closely misses you.
You block the bullfrog's attack.
You hit the cane toad.
You kill the cane toad!
You feel sick. The blink frog closely misses you.
Your Throwing skill increases to level 5!
You hit the blink frog.
The blink frog is severely wounded.
You feel sick. The bullfrog closely misses you.
The blink frog hits you but does no damage.
You puncture the blink frog!
The blink frog is almost dead.
You feel sick. The bullfrog hits you!
You hit the blink frog.
You kill the blink frog!
You feel sick. You block the bullfrog's attack.
You hit the bullfrog. You bite the bullfrog! You drain its power.
You feel invigorated.
The bullfrog is moderately wounded.
You feel sick. The bullfrog barely misses you.
You barely miss the bullfrog.
The bullfrog is moderately wounded.
You closely miss the bullfrog. Your bite misses the bullfrog.
The bullfrog is moderately wounded.
You feel sick.
The bullfrog hits you but does no damage.
You puncture the bullfrog! You bite the bullfrog. You drain its power.
The bullfrog is almost dead.
The bullfrog hits you.
You puncture the bullfrog! Lightning courses through the bullfrog!
You kill the bullfrog!
You feel sick.
You feel sick.
You feel sick.
You feel sick.
You are no longer poisoned.
There is a stone staircase leading down here.
You start resting.
HP restored.
You climb downwards.
There is a stone staircase leading up here.
Found a chain mail.
A cane toad is nearby!
The cane toad gives a loud, deep croak!
You hear a bellow!
The eight-headed hydra roars!
You hit the cane toad but do no damage. Your bite misses the cane toad.
The cane toad stings you!
You hit the cane toad. Your bite misses the cane toad.
The cane toad is lightly wounded.
You closely miss the cane toad.
The cane toad is lightly wounded.
The cane toad stings you!
You hit the cane toad. Your bite misses the cane toad.
The cane toad is lightly wounded.
You hit the cane toad but do no damage.
Lightning courses through the cane toad!
Your bite misses the cane toad.
The cane toad is heavily wounded.
The cane toad stings you!
You are poisoned.
The cane toad poisons you!
A yak comes into view.
You can now pass through a line of other dancers.
The yak bellows!
You hit the cane toad but do no damage.
Lightning courses through the cane toad!
The cane toad is almost dead.
You feel very sick.
You hear a bellow!
The cane toad stings you but does no damage.
You puncture the cane toad!
You kill the cane toad!
You feel sick.
You feel very sick.
You hit the eight-headed hydra.
Lightning courses through the eight-headed hydra!!
The eight-headed hydra is moderately wounded.
You feel sick.
Uskayaw will force your foes to helplessly watch your dance.
Uskayaw prepares the audience for your solo!
The helpless eight-headed hydra fails to defend itself.
You skewer the eight-headed hydra like a kebab!!!
You bite the eight-headed hydra.
You kill the eight-headed hydra!
You feel sick.
Uskayaw will force your foes to share their pain.
You feel sick.
You feel sick.
The yak is no longer paralysed.
You feel sick.
You feel sick.
There is a stone staircase leading up here.
You feel sick.
You climb upwards.
You feel sick.
There is a stone staircase leading down here.
You start resting.
You feel sick.
You are no longer poisoned.
You start resting.
HP restored.
You start resting.
Magic restored.
You climb downwards.
The yak gores you but does no damage. You block the yak's attack.
There is a stone staircase leading up here.
You puncture the yak! Lightning courses through the yak! You bite the yak.
You drain its power.
The yak is severely wounded.
You can now pass through a line of other dancers.
You hit the yak.
The yak is severely wounded.
The yak gores you.
You barely miss the yak. Your bite misses the yak.
The yak is severely wounded.
You hit the yak. You bite the yak.
You kill the yak!
Things that are here:
3 stones; a yak corpse Magic restored.
A dream sheep is nearby!
There are no items here.
You start waiting.
A dream sheep is nearby!
The dream sheep ruffles its wool and motes of dream dust sparkle, to no effect.
The dream sheep completely misses you.
The dream sheep bleats!
You hit the dream sheep. You bite the dream sheep! You drain its power.
The dream sheep is severely wounded.
You hear a bleat!
You hear a bellow! x3
You completely miss the dream sheep.
The dream sheep is severely wounded.
The dream sheep bites you but does no damage.
You closely miss the dream sheep. Your bite misses the dream sheep.
The dream sheep is heavily wounded.
The dream sheep bites you but does no damage.
You hit the dream sheep.
The dream sheep is severely wounded.
You can now pass through a line of other dancers.
You barely miss the dream sheep. You bite the dream sheep.
You kill the dream sheep!
The dream sheep "Baaaas" balefully.
The dream sheep ruffles its wool and motes of dream dust sparkle, to no effect.
You hit the plant but do no damage. Lightning courses through the plant!!
The plant begins to die.
You bite the plant! You drain its power.
The plant is lightly damaged.
The dream sheep ruffle their wool and motes of dream dust sparkle, to no effect.
You hit the dream sheep.
Lightning courses through the dream sheep!
You bite the dream sheep.
You kill the dream sheep!
Uskayaw will force your foes to helplessly watch your dance.
Uskayaw prepares the audience for your solo!
You see here a dream sheep corpse.
The helpless dream sheep fails to defend itself.
You skewer the dream sheep like a kebab!!!
You kill the dream sheep!
Uskayaw will force your foes to share their pain.
A yak comes into view.
A nearby plant withers and dies.
You see here a dream sheep corpse.
A yak comes into view.
You see here a dream sheep corpse.
You hit the yak.
The yak is lightly wounded.
The yak barely misses you.
You hit the yak. Lightning courses through the yak! You bite the yak.
You drain its power.
The yak is moderately wounded.
Uskayaw will force your foes to share their pain.
You barely miss the yak. You bite the yak. You drain its power.
The yak is heavily wounded.
The yak closely misses you.
You hit the yak.
The yak is heavily wounded.
The yak barely misses you.
You hit the yak. Lightning courses through the yak!
You kill the yak! 5 yaks come into view.
The yak moves out of view.
The yak bellows!
Uskayaw prepares the audience for your solo!
You hit the yak. You bite the yak, but do no damage.
The yak is lightly wounded.
The yak gores you.
You closely miss the yak.
The yak is lightly wounded.
You hit the yak.
The yak is lightly wounded.
You hit the yak. Lightning courses through the yak! Your bite misses the yak.
The yak is heavily wounded.
Uskayaw will force your foes to share their pain.
Uskayaw links your audience in an emotional bond!
You puncture the yak! Lightning courses through the yak!!
You kill the yak!
The yak gores you.
You hit the yak.
You kill the yak!
The yak bellows! x3
You hit the yak. You bite the yak! You drain its power.
You feel invigorated.
The yak is moderately wounded.
You can now merge with and destroy a victim.
You hit the yak. Lightning courses through the yak! You bite the yak.
You drain its power.
The yak is heavily wounded.
You hit the yak. You bite the yak! You drain its power.
The yak is severely wounded.
The yak barely misses you. The yak gores you but does no damage.
You hit the yak. You bite the yak.
You kill the yak!
Your Invocations skill increases to level 10!
You hit the yak. You bite the yak! You drain its power.
The yak is severely wounded.
You block the yak's attack. x2
You hit the yak. You bite the yak.
You kill the yak!
You closely miss the yak. You block the yak's attack. The yak gores you.
You hit the yak.
The yak is lightly wounded.
The yak gores you! x2
You barely miss the yak.
The yak is lightly wounded.
You puncture the yak! You bite the yak. You drain its power.
You feel invigorated.
The yak is moderately wounded.
The yak completely misses you. The yak misses you.
You hit the yak.
The yak is heavily wounded.
Uskayaw links your audience in an emotional bond!
You hit the yak.
The yak is heavily wounded.
The yak barely misses you. The yak gores you but does no damage.
You hit the yak. You bite the yak! You drain its power.
You feel invigorated.
The yak is severely wounded.
You hit the yak. You bite the yak!
You kill the yak!
You block the yak's attack. The yak gores you.
You hit the yak but do no damage. Lightning courses through the yak!
You bite the yak, but do no damage.
The yak is severely wounded.
You hit the yak. You bite the yak, but do no damage.
The yak is almost dead.
The yak gores you.
You closely miss the yak. Your bite misses the yak.
The yak is almost dead.
You barely miss the yak. You bite the yak, but do no damage.
The yak is almost dead.
The yak is no longer sharing its pain.
The yak closely misses you.
You hit the yak. Lightning courses through the yak!
You kill the yak!
Magic restored.
HP restored.
A blink frog is nearby!
You can no longer merge with and destroy a victim.
Uskayaw prepares the audience for your solo!
You see here a potion of curing.
u - 3 potions of curing (gained 1)
You see here 9 gold pieces.
You now have 810 gold pieces (gained 9).
The blink frog blinks!
The blink frog closely misses you.
You can no longer pass through a line of other dancers.
You block the blink frog's attack.
You closely miss the blink frog. The blink frog hits you!
You hit the blink frog but do no damage.
Your bite misses the blink frog. You hit the blink frog.
You bite the blink frog.
The blink frog's magic leaks into the air.
You drain its magic.
You feel invigorated.
The blink frog is lightly wounded.
The blink frog hits you.
You hit the blink frog.
The blink frog is moderately wounded.
The blink frog hits you but does no damage.
You hit the blink frog. Your bite misses the blink frog.
The blink frog is heavily wounded.
You block the blink frog's attack.
You can now pass through a line of other dancers.
You hit the blink frog. Your bite misses the blink frog.
The blink frog is heavily wounded.
The blink frog's magic is no longer disrupted.
You miss the blink frog. Your bite misses the blink frog.
The blink frog is heavily wounded.
The blink frog hits you but does no damage.
You puncture the blink frog!
The blink frog is severely wounded.
The blink frog hits you!
You hit the blink frog. Your bite misses the blink frog.
The blink frog is almost dead.
You block the blink frog's attack.
You barely miss the blink frog. Your bite misses the blink frog.
The blink frog is almost dead.
The blink frog hits you but does no damage.
You hit the blink frog.
Lightning courses through the blink frog!
You kill the blink frog!
Uskayaw will force your foes to helplessly watch your dance.
You now have 812 gold pieces (gained 2).
q - a wand of quicksilver (19) (gained 6 charges)
Found 6 stones and a ring mail.
Found 6 stones.
Found a glowing clear potion.
You see here a scroll of identify.
U - a scroll of identify
Found a wand of quicksilver (6) and a phantom mirror.
The swamp worm closely misses you.
You barely miss the swamp worm. The swamp worm bites you!
You closely miss the swamp worm. The swamp worm closely misses you.
You closely miss the swamp worm. You hit the swamp worm.
Your bite misses the swamp worm.
The swamp worm is lightly wounded.
The swamp worm bites you but does no damage.
You barely miss the swamp worm. Your bite misses the swamp worm.
The swamp worm is lightly wounded.
The swamp worm barely misses you.
You closely miss the swamp worm. You bite the swamp worm! You drain its power.
You feel invigorated.
The swamp worm is moderately wounded.
You hit the swamp worm.
The swamp worm is moderately wounded.
The swamp worm bites you!
You closely miss the swamp worm.
You bite the swamp worm, but do no damage.
The swamp worm is moderately wounded.
You hit the swamp worm.
The swamp worm is moderately wounded.
The swamp worm closely misses you.
You barely miss the swamp worm. You bite the swamp worm. You drain its power.
You feel invigorated.
The swamp worm is heavily wounded.
The swamp worm bites you.
You puncture the swamp worm!
The swamp worm is severely wounded.
You can now pass through a line of other dancers.
You closely miss the swamp worm. You bite the swamp worm! You drain its power.
The swamp worm is almost dead.
The swamp worm bites you but does no damage.
You hit the swamp worm.
Lightning courses through the swamp worm!
You kill the swamp worm!
You can no longer pass through a line of other dancers.
You see here a phantom mirror.
X - a phantom mirror
d - 2 glowing clear potions (gained 1)
q - a wand of quicksilver (25) (gained 6 charges)
Found a helmet.
s - 8 potions of heal wounds (gained 1)
A wyvern comes into view.
You see here 18 gold pieces.
Found a book of Hexes.
A polar bear and a torpor snail come into view.
The wyvern closely misses you.
You hit the wyvern.
The wyvern is lightly wounded.
The wyvern bites you.
Being near the torpor snail leaves you feeling lethargic.
The wyvern bites you! The wyvern bites you.
You feel yourself speed up. The wyvern closely misses you.
You closely miss the wyvern. You bite the wyvern. You drain its power.
You feel invigorated.
The wyvern is lightly wounded.
The wyvern bites you!
You hit the wyvern but do no damage. Lightning courses through the wyvern!
You bite the wyvern! You drain its power.
You feel invigorated.
The wyvern is almost dead.
The wyvern bites you but does no damage.
You can now pass through a line of other dancers.
You barely miss the wyvern. You bite the wyvern.
You kill the wyvern!
Being near the torpor snail leaves you feeling lethargic.
You hit the torpor snail but do no damage.
You bite the torpor snail, but do no damage.
The torpor snail bites you!
You hit the torpor snail but do no damage.
You bite the torpor snail. You drain its power.
You feel invigorated.
The torpor snail is lightly wounded.
You hit the torpor snail but do no damage.
You bite the torpor snail! You drain its power.
The torpor snail is moderately wounded.
The torpor snail bites you.
You hit the torpor snail but do no damage.
You bite the torpor snail. You drain its power.
You feel invigorated.
The torpor snail is moderately wounded.
You hit the torpor snail. You bite the torpor snail. You drain its power.
The torpor snail is heavily wounded.
The torpor snail barely misses you.
You hit the torpor snail.
You bite the torpor snail, but do no damage.
The torpor snail is heavily wounded.
The torpor snail closely misses you.
You hit the torpor snail.
The torpor snail is heavily wounded.
Uskayaw will force your foes to helplessly watch your dance.
Uskayaw prepares the audience for your solo!
The helpless torpor snail fails to defend itself.
You spit the torpor snail like a pig!!!
You kill the torpor snail!
You feel yourself speed up.
You now have 830 gold pieces (gained 18).
Found 4 stones.
A komodo dragon comes into view.
Found a scroll of fear.
The polar bear growls angrily.
You hear a loud, deep croak!
You see here the Parchment of Filth and Reformation.
You pick up the Parchment of Filth and Reformation and begin reading...
You add the spells Poisonous Vapours and Mephitic Cloud to your library.
You can no longer pass through a line of other dancers.
The komodo dragon attacks as you move away!
You block the komodo dragon's attack.
You hit the komodo dragon but do no damage.
Lightning courses through the komodo dragon!!
You bite the komodo dragon, but do no damage.
The komodo dragon is heavily wounded.
The komodo dragon bites you but does no damage.
You hit the komodo dragon. Your bite misses the komodo dragon.
The komodo dragon is heavily wounded.
You hit the komodo dragon but do no damage.
Your bite misses the komodo dragon.
The komodo dragon is heavily wounded.
You block the komodo dragon's attack.
You hit the komodo dragon.
The komodo dragon is heavily wounded.
You hit the komodo dragon.
Lightning courses through the komodo dragon!
Your bite misses the komodo dragon.
The komodo dragon is severely wounded.
You block the komodo dragon's attack.
You can now pass through a line of other dancers.
You hit the komodo dragon.
You bite the komodo dragon, but do no damage.
The komodo dragon is almost dead.
You hit the komodo dragon but do no damage.
You bite the komodo dragon. You drain its power.
The komodo dragon is almost dead.
The komodo dragon barely misses you.
You puncture the komodo dragon!
You kill the komodo dragon!
Uskayaw will force your foes to helplessly watch your dance.
You closely miss the polar bear. You hit the polar bear.
You bite the polar bear! You drain its power.
The polar bear is moderately wounded.
The polar bear bites you! You block the polar bear's attack.
The polar bear claws you but does no damage.
A bullfrog comes into view.
The bullfrog gives a loud, deep croak!
You hit the polar bear but do no damage.
The polar bear is moderately wounded.
The polar bear bites you.
The polar bear claws you but does no damage. x2
You barely miss the polar bear. You bite the polar bear! You drain its power.
You feel invigorated.
The polar bear is heavily wounded.
Uskayaw will force your foes to share their pain.
Uskayaw links your audience in an emotional bond!
You closely miss the polar bear.
You bite the polar bear, but do no damage.
The polar bear is heavily wounded.
The polar bear barely misses you.
The polar bear claws you but does no damage.
The polar bear barely misses you.
You hit the polar bear.
You bite the polar bear, but do no damage.
The polar bear is severely wounded.
Uskayaw prepares the audience for your solo!
The helpless polar bear fails to defend itself.
You stick the polar bear like a pincushion!!!
You kill the polar bear!
You see here a komodo dragon corpse.
The bullfrog is no longer paralysed.
You barely miss the bullfrog. Your bite misses the bullfrog.
The bullfrog is lightly wounded.
The bullfrog hits you.
You hit the bullfrog. Your bite misses the bullfrog.
The bullfrog is moderately wounded.
The bullfrog is no longer sharing its pain.
The bullfrog hits you but does no damage.
You can now merge with and destroy a victim.
You puncture the bullfrog!
The bullfrog is severely wounded.
The bullfrog closely misses you.
You hit the bullfrog but do no damage. You bite the bullfrog.
You kill the bullfrog!
Things that are here:
a +0 helmet; a bullfrog corpse You pick up a book of Hexes and begin reading...
You add the spells Anguish, Cause Fear and Enfeeble to your library.
Things that are here:
a +0 helmet; a bullfrog corpse
Found a pair of gloves.
A bullfrog comes into view.
No target in view!
Found 11 gold pieces.
The bullfrog croaks.
You hit the bullfrog. You bite the bullfrog! You drain its power.
The bullfrog is heavily wounded.
The bullfrog hits you but does no damage.
You closely miss the bullfrog. You bite the bullfrog. You drain its power.
The bullfrog is severely wounded.
The bullfrog hits you but does no damage.
You hit the bullfrog. You bite the bullfrog.
You kill the bullfrog!
No target in view!
f - 2 scrolls of fear (gained 1)
Found a pair of boots.
Found a trident.
The six-headed hydra roars!
You hit the six-headed hydra.
The six-headed hydra is lightly wounded.
The six-headed hydra completely misses you.
The six-headed hydra bites you. The six-headed hydra bites you!
The six-headed hydra bites you but does no damage. x2
The six-headed hydra misses you.
You hit the six-headed hydra.
The six-headed hydra is lightly wounded.
You hit the six-headed hydra. You bite the six-headed hydra.
You drain its power.
You feel invigorated.
The six-headed hydra is lightly wounded.
You block the six-headed hydra's attack. x2
The six-headed hydra bites you!
The six-headed hydra closely misses you.
The six-headed hydra bites you! The six-headed hydra barely misses you.
You hit the six-headed hydra. Your bite misses the six-headed hydra.
The six-headed hydra is lightly wounded.
You hit the six-headed hydra. You bite the six-headed hydra!
You drain its power.
You feel invigorated.
The six-headed hydra is moderately wounded.
The six-headed hydra bites you but does no damage.
The six-headed hydra bites you!
The six-headed hydra bites you but does no damage. x2
The six-headed hydra closely misses you.
You block the six-headed hydra's attack.
You puncture the six-headed hydra!
The six-headed hydra is moderately wounded.
You can now pass through a line of other dancers.
You hit the six-headed hydra. You bite the six-headed hydra!
You drain its power.
You feel invigorated.
The six-headed hydra is heavily wounded.
The six-headed hydra bites you!
You block the six-headed hydra's attack.
The six-headed hydra bites you but does no damage.
The six-headed hydra closely misses you.
You block the six-headed hydra's attack.
The six-headed hydra bites you but does no damage.
You puncture the six-headed hydra! You bite the six-headed hydra!
You drain its power.
You feel invigorated.
The six-headed hydra is almost dead.
Uskayaw will force your foes to helplessly watch your dance.
Uskayaw prepares the audience for your solo!
The helpless six-headed hydra fails to defend itself.
You spit the six-headed hydra like a pig!!!
You kill the six-headed hydra!
Your Stealth skill increases to level 8!
You now have 844 gold pieces (gained 14).
You now have 855 gold pieces (gained 11).
Found a leather armour.
l - 6 scrolls of teleportation (gained 1)
You now have 872 gold pieces (gained 17).
Found a sling.
Found a plate armour.
I - 3 emerald potions (gained 1)
Y - 2 potions of might You see here a +0 plate armour.
You enter the shallow water.
Moving in this stuff is going to be slow.
You now have 893 gold pieces (gained 21).
Found a leather armour.
A swamp worm and a tyrant leech come into view.
A five-headed hydra comes into view.
You enter the shallow water.
Moving in this stuff is going to be slow.
Found a staircase to the Swamp.
You block the swamp worm's attack.
You closely miss the swamp worm. The swamp worm bites you!
Your unstable footing causes you to fumble your attack.
The five-headed hydra roars!
The swamp worm bites you but does no damage.
You hit the swamp worm. Your bite misses the swamp worm.
The swamp worm is lightly wounded.
The swamp worm misses you.
As you read the scroll of teleportation, it crumbles to dust.
You feel strangely unstable. The swamp worm bites you!!
You block the tyrant leech's attack.
The tyrant leech attacks as you move away!
The tyrant leech bites you!
The tyrant leech draws strength from your injuries!
The swamp worm barely misses you. The swamp worm barely misses you.
Your surroundings suddenly seem different.
You start resting.
HP restored.
You start resting.
Magic restored.
You see here a +0 trident.
You see here a +0 chain mail.
You see here a komodo dragon skeleton.
Things that are here:
a +0 helmet; a bullfrog skeleton
Found 9 stones.
You now have 913 gold pieces (gained 20).
Found a pair of boots.
A komodo dragon comes into view.
The komodo dragon hisses angrily.
You hit the komodo dragon but do no damage.
Your bite misses the komodo dragon. The komodo dragon bites you!
You hit the komodo dragon but do no damage.
Lightning courses through the komodo dragon!
Your bite misses the komodo dragon.
The komodo dragon is moderately wounded.
You hit the komodo dragon but do no damage.
Your bite misses the komodo dragon.
The komodo dragon is moderately wounded.
The komodo dragon barely misses you.
You barely miss the komodo dragon.
The komodo dragon is moderately wounded.
You barely miss the komodo dragon. You bite the komodo dragon.
You drain its power.
You feel invigorated.
The komodo dragon is moderately wounded.
You block the komodo dragon's attack.
You hit the komodo dragon. Your bite misses the komodo dragon.
The komodo dragon is heavily wounded.
You puncture the komodo dragon!
Lightning courses through the komodo dragon!
You kill the komodo dragon!
You can now pass through a line of other dancers.
You see here a komodo dragon corpse.
You start resting.
HP restored.
You can no longer pass through a line of other dancers.
U - 2 scrolls of identify (gained 1)
As you read the scroll of identify, it crumbles to dust.
E - 5 potions of brilliance You start waiting.
A swamp worm is nearby!
The swamp worm bites you!
You hit the swamp worm. Your bite misses the swamp worm.
The swamp worm is lightly wounded.
You hit the swamp worm. You bite the swamp worm! You drain its power.
You feel invigorated.
The swamp worm is severely wounded.
The swamp worm bites you.
You barely miss the swamp worm. Your bite misses the swamp worm.
The swamp worm is severely wounded.
The swamp worm barely misses you.
You hit the swamp worm. Your bite misses the swamp worm.
The swamp worm is almost dead.
You miss the swamp worm. Your bite misses the swamp worm.
The swamp worm is almost dead.
The swamp worm bites you but does no damage.
You closely miss the swamp worm. Your bite misses the swamp worm.
The swamp worm is severely wounded.
The swamp worm bites you.
You barely miss the swamp worm.
The swamp worm is severely wounded.
You hit the swamp worm but do no damage.
You bite the swamp worm!
You kill the swamp worm!
You can now pass through a line of other dancers.
You see here a swamp worm corpse.
You start resting.
HP restored.
You start resting.
Magic restored.
You enter the shallow water.
Moving in this stuff is going to be slow.
You enter the shallow water.
Moving in this stuff is going to be slow.
You see here a +0 leather armour.
You see here a +0 leather armour.
You enter the shallow water.
Moving in this stuff is going to be slow.
You enter the shallow water.
Moving in this stuff is going to be slow.
You see here a swamp worm corpse.
Done exploring.
You block the tyrant leech's attack.
You closely miss the tyrant leech. Your bite misses the tyrant leech.
The tyrant leech barely misses you.
You hit the tyrant leech.
The tyrant leech is lightly wounded.
You hit the tyrant leech. Your bite misses the tyrant leech.
The tyrant leech is lightly wounded.
The tyrant leech bites you but does no damage.
You barely miss the tyrant leech. Your bite misses the tyrant leech.
The tyrant leech is lightly wounded.
You hit the tyrant leech.
The tyrant leech is lightly wounded.
You hit the tyrant leech but do no damage.
You bite the tyrant leech, but do no damage.
The tyrant leech is lightly wounded.
The tyrant leech bites you!!
The tyrant leech draws strength from your injuries!
The five-headed hydra roars!
You hit the tyrant leech but do no damage.
Lightning courses through the tyrant leech!
Your bite misses the tyrant leech.
The tyrant leech is moderately wounded.
You hit the tyrant leech.
Lightning courses through the tyrant leech!
Your bite misses the tyrant leech.
The tyrant leech is heavily wounded.
The tyrant leech closely misses you.
You can now pass through a line of other dancers.
You hit the tyrant leech.
Lightning courses through the tyrant leech!
You bite the tyrant leech! You drain its power.
You feel invigorated.
The tyrant leech is almost dead.
Uskayaw will force your foes to helplessly watch your dance.
Uskayaw prepares the audience for your solo!
The helpless tyrant leech fails to defend itself.
You perforate the tyrant leech like a sieve!!!!
You kill the tyrant leech!
The five-headed hydra is no longer paralysed.
You see here a tyrant leech corpse.
You barely miss the five-headed hydra. You bite the five-headed hydra!
You drain its power.
The five-headed hydra is lightly wounded.
The five-headed hydra bites you but does no damage. x2
The five-headed hydra bites you. x3
You hit the five-headed hydra.
Lightning courses through the five-headed hydra!
The five-headed hydra is moderately wounded.
Uskayaw will force your foes to share their pain.
You hit the five-headed hydra.
Lightning courses through the five-headed hydra!
You bite the five-headed hydra! You drain its power.
You feel invigorated.
The five-headed hydra is severely wounded.
The five-headed hydra bites you but does no damage.
The five-headed hydra completely misses you.
The five-headed hydra bites you. x3
You hit the five-headed hydra. You bite the five-headed hydra!
You drain its power.
You feel invigorated.
The five-headed hydra is almost dead.
You hit the five-headed hydra. You bite the five-headed hydra.
You kill the five-headed hydra!
You can now merge with and destroy a victim.
HP restored.
Done exploring.
There is a stone staircase leading down here.
(D) Dungeon (T) Temple (L) Lair (S) Swamp (O) Orcish Mines
Where to? (Enter - Lair:2 @ (x,y), ? - help)
What level of the Dungeon? (default 8, ? - help)
There is a stone staircase leading up here.
You climb upwards.
There is a stone staircase leading down, spattered with blood here.
There is a staircase back to the Dungeon here.
You climb upwards.
Welcome back to the Dungeon!
There is a staircase to the Lair here.
Items here: ) / == ??.
You drop 5 scrolls of enchant weapon.
You drop 8 scrolls of enchant armour.
You drop 4 scrolls of brand weapon.
Unknown command.
There is a staircase to the Lair here.
You climb downwards.
Welcome back to the Lair of Beasts!
There is a staircase back to the Dungeon here.
There is a stone staircase leading down, spattered with blood here.
You climb downwards.
There is a stone staircase leading up here.
Done exploring.
There is a stone staircase leading down here.
You climb downwards.
Found a leather armour.
There is a stone staircase leading up here.
The basilisk bites you.
You hit the basilisk.
The basilisk is lightly wounded.
You barely miss the basilisk. Your bite misses the basilisk.
The basilisk is lightly wounded.
The basilisk misses you.
You closely miss the basilisk. You hit the basilisk.
Lightning courses through the basilisk! You bite the basilisk!
The basilisk's magic leaks into the air.
You drain its magic.
The basilisk is severely wounded.
The basilisk closely misses you.
You can now pass through a line of other dancers.
You completely miss the basilisk.
You bite the basilisk, but do no damage.
The basilisk is severely wounded.
You hit the basilisk. Lightning courses through the basilisk!
You kill the basilisk!
Found a scale mail.
Found a stone staircase leading down.
A bullfrog comes into view.
Nessos the Markscentaur comes into view.
Found 19 gold pieces and a scroll of silence.
You see here a +0 scale mail.
The bullfrog gives a loud, deep croak!
Nessos shouts!
You block the bullfrog's attack.
Nessos gestures wildly while chanting.
Nessos seems to speed up.
The bullfrog hits you.
You barely miss the bullfrog.
You bite the bullfrog, but do no damage.
Nessos wields a +3 longbow of flaming.
It bursts into flame!
Nessos shoots an arrow.
The arrow hits you! The arrow burns you.
You are poisoned.
You feel very sick.
Nessos shoots an arrow.
The arrow hits you! The arrow burns you.
You are more poisoned.
Nessos shoots an arrow.
The arrow hits you! The arrow burns you.
You are more poisoned.
You block the bullfrog's attack.
You see here a +0 scale mail.
* * * LOW HITPOINT WARNING * * *
You feel extremely sick.
Your system rejects the healing.
You feel better. You block the bullfrog's attack.
The bullfrog barely misses you.
You closely miss the bullfrog. Your bite misses the bullfrog.
The bullfrog closely misses you.
You puncture the bullfrog!
You bite the bullfrog, but do no damage.
The bullfrog is moderately wounded.
Nessos pounds the earth with their hooves.
Nessos gestures wildly while chanting.
Nessos blinks!
The bullfrog completely misses you.
Throw: 3 throwing nets
Press: ? - help, Q - select action, (/) - cycle Shift-Dir - straight line, f - Nessos
Aim: Nessos, wielding a +3 longbow of flaming and wearing a +0 barding (fast, 75% to hit)
You throw a throwing net. The throwing net barely misses Nessos.
Nessos shoots an arrow.
The arrow hits you!
* * * LOW HITPOINT WARNING * * *
The arrow burns you.
You are poisoned.
The bullfrog hits you but does no damage.
Throw: 2 throwing nets
Press: ? - help, Q - select action, (/) - cycle Shift-Dir - straight line, f/p - Nessos
Aim: Nessos, wielding a +3 longbow of flaming and wearing a +0 barding (fast, 75% to hit)
You throw a throwing net. The throwing net hits Nessos.
Nessos is caught in the net!
You feel very sick.
Nessos struggles against the net. x2
The net rips apart, and Nessos comes free!
The bullfrog closely misses you.
Throw: throwing net
Press: ? - help, Q - select action, (/) - cycle Shift-Dir - straight line, f/p - Nessos
Aim: Nessos, wielding a +3 longbow of flaming and wearing a +0 barding (fast, 75% to hit)
You throw a throwing net. The throwing net hits Nessos.
Nessos is caught in the net!
You feel sick.
Nessos mumbles some strange words.
Nessos blinks!
You block the bullfrog's attack.
As you read the scroll of fear, it crumbles to dust.
You assume a fearsome visage.
Nessos looks frightened!
The bullfrog looks frightened!
You feel sick.
Nessos mumbles some strange words.
Nessos blinks!
Nessos begs, "Please don't kill me!"
Nessos mumbles some strange words.
Nessos blinks!
You feel sick.
Nessos gestures wildly while chanting.
Nessos blinks!
Nessos casts a spell.
Nessos blinks!
You feel sick.
Nessos mumbles some strange words.
Nessos blinks!
Nessos mumbles some strange words.
Nessos blinks!
Nessos gestures wildly while chanting.
Nessos blinks!
You feel sick.
Nessos gestures wildly while chanting.
Nessos blinks!
Nessos mumbles some strange words.
Nessos blinks!
You feel sick.
Nessos casts a spell.
Nessos blinks!
Nessos casts a spell.
Nessos blinks!
You feel sick.
Nessos casts a spell.
Nessos blinks!
Nessos mumbles some strange words.
Nessos blinks!
Nessos mumbles some strange words.
Nessos blinks!
You feel sick.
You feel sick.
You are no longer poisoned.
Nessos mumbles some strange words.
Nessos blinks!
Nessos shoots an arrow.
The arrow hits you.
* * * LOW HITPOINT WARNING * * *
The arrow burns you.
You are poisoned.
* * * LOW HITPOINT WARNING * * *
You feel sick.
You feel sick.
You feel sick.
As you read the scroll of fog, it crumbles to dust.
The scroll dissolves into smoke.
You feel sick.
Nessos shoots an arrow.
The arrow hits you.
* * * LOW HITPOINT WARNING * * *
The arrow burns you.
You are lethally poisoned!
Nessos stands on their hind legs for a moment.
Nessos gestures wildly while chanting.
Nessos blinks!
* * * LOW HITPOINT WARNING * * *
You feel very sick.
Nessos shoots an arrow.
The arrow hits you!
You die...

Skill      XL: |  1  2  3  4  5  6  7  8  9 10 11 12 13 |
---------------+----------------------------------------+-----
Short Blades   | 2 3 4 5 6 7 9 10 | 10.0
Shields        | 3 4 5 |  5.0
Fighting       | 3 4 5 6 7 8 9 |  9.6
Invocations    | 2 4 6 7 9 10 | 10.2
Stealth        | 3 5 6 8 |  8.2
Evocations     | 2 3 5 6 |  6.0
Dodging        | 1 3 4 5 |  5.0
Armour         | 3 4 5 6 |  6.5
Throwing       | 4 5 |  5.6

Action                     |  1- 3 |  4- 6 |  7- 9 | 10-12 | 13-15 || total
---------------------------+-------+-------+-------+-------+-------++-------
  Melee: Rapier            |    88 |   273 |   319 |       |       ||   680
         Bite              |    17 |    70 |   128 |   200 |   113 ||   528
         Short sword       |       |       |    63 |   574 |   285 ||   922
  Throw: Dart              |       |     5 |     3 |    24 |     1 ||    33
         Throwing net      |       |       |       |     4 |     3 ||     7
 Invoke: Line Pass         |       |       |     1 |       |     1 ||     2
    Use: Potion            |       |     1 |       |       |     5 ||     6
         Scroll            |       |       |       |     7 |    11 ||    18
   Stab: Paralysed         |       |       |    10 |    27 |    14 ||    51
         Sleeping          |       |       |       |     7 |     3 ||    10
 Armour: Scale mail        |    19 |    82 |    26 |       |       ||   127
         Ring mail         |       |       |    72 |    61 |    57 ||   190
  Dodge: Dodged            |    24 |    87 |    93 |   105 |    83 ||   392
  Block: Buckler           |    43 |   132 |   154 |   143 |    41 ||   513
         Reflection        |     1 |    10 |     1 |     5 |       ||    17

Levels and vault maps discovered:
D:1:      mrwooster_arrival_arrow, layout_loops_corners
D:2:      layout_basic, serial_shops, shop, uniq_robin
D:3:      kennysheep_the_goblin_king, layout_loops_ring,
          hellmonk_ecumenical_altar_crossroads, biasface_ghost_orc_armoury,
          serial_shops, nicolae_shop_tiny_statue_garden, uniq_ijyb,
          uniq_terence, uniq_jessica
D:4:      layout_gridville, grunt_temple_overflow_opulence, minmay_cut_off
D:5:      layout_gridville, temple_doors_e, uniq_edmund, uniq_pikel,
          uniq_blork_the_orc
D:6:      nicolae_cairo_tiling_very_big, layout_rooms
D:7:      layout_basic, grunt_temple_overflow_open,
          gammafunk_ghost_abyssal_escape, minmay_joined_circles
D:8:      layout_rooms, dpeg_lair_monsters, serial_shops,
          nicolae_shop_waterfront
D:9:      layout_stronghold, gammafunk_ghost_split
D:10:     nzn_winding_woodlands_medium [nzn_winding_woodlands_5x5_default,
          nzn_winding_woodlands_5x15_cabin, nzn_winding_woodlands_5x5_default,
          nzn_winding_woodlands_5x5_three, nzn_winding_woodlands_center_garden,
          nzn_winding_woodlands_5x5_perimeter,
          nzn_winding_woodlands_5x5_closed_star, nzn_winding_woodlands_5x15_eye,
          nzn_winding_woodlands_5x5_default], layout_rooms,
          mainiacjoe_overflow_alcove_1, lemuel_flamethrower_hall
D:11:     layout_basic
D:12:     layout_basic, kennysheep_orc_monster_closet_entryway
Temple:   chequers_temple_sunken
Lair:1:   layout_long_grid
Lair:2:   layout_cave_shapes, palyth_hydra_swamp_entry, lemuel_fruit_tree,
          grunt_megastairs_5, uniq_amaemon
Lair:3:   layout_roguey, minmay_snake_entry_guardpost_small, uniq_nessos,
          uniq_rupert

Notes
Turn   | Place    | Note
-------+----------+-------------------------------------------
     0 | D:1      | scionoferis the Vine Stalker Fighter began the quest for
                  | the Orb.
     0 | D:1      | Reached XP level 1. HP: 11/11 MP: 2/2
    93 | D:1      | You fall into a shaft and drop 1 floor!
   336 | D:1      | Reached skill level 2 in Short Blades
   789 | D:1      | Reached XP level 2. HP: 13/16 MP: 1/3
  1055 | D:2      | Reached skill level 3 in Shields
  1076 | D:2      | Reached skill level 3 in Fighting
  1076 | D:2      | Reached XP level 3. HP: 20/20 MP: 4/4
  1145 | D:2      | Found Ciejaiw's Antique Armour Shop.
  1654 | D:2      | Noticed Robin
  1659 | D:2      | Reached skill level 3 in Short Blades
  1659 | D:2      | Gained mutation: Your natural rate of healing is unusually
                  | fast. [Vine Stalker growth]
  1659 | D:2      | Reached XP level 4. HP: 24/24 MP: 5/5
  1712 | D:2      | Killed Robin
  2049 | D:3      | Found Jasy's Antique Armour Boutique.
  2111 | D:3      | Reached XP level 5. HP: 28/28 MP: 4/6
  2131 | D:3      | Found a faded altar of an unknown god.
  2408 | D:3      | Noticed Jessica
  2430 | D:3      | Killed Jessica
  2458 | D:3      | Noticed Terence
  2483 | D:3      | Killed Terence
  2533 | D:3      | Found a runed translucent gate.
  2534 | D:3      | Found a runed translucent gate.
  2534 | D:3      | Noticed tommooo's ghost (amateur DESu)
  2535 | D:3      | Found a runed translucent gate.
  2604 | D:3      | Reached skill level 4 in Short Blades
  2704 | D:3      | Noticed Ijyb
  2739 | D:3      | Killed Ijyb
  2740 | D:3      | Reached XP level 6. HP: 31/33 MP: 5/7
  2981 | D:4      | Noticed a black bear
  3007 | D:4      | Killed a black bear
  3008 | D:4      | Reached skill level 4 in Shields
  3091 | D:4      | Reached skill level 4 in Fighting
  3155 | D:4      | Found a sparkling altar of Nemelex Xobeh.
  3156 | D:4      | Found an opulent altar of Gozag.
  3609 | D:5      | Entered Level 5 of the Dungeon
  3759 | D:5      | Reached XP level 7. HP: 9/37 MP: 2/8
  3766 | D:5      | Reached skill level 5 in Short Blades
  3828 | D:5      | Found a staircase to the Ecumenical Temple.
  3833 | Temple   | Entered the Ecumenical Temple
  4021 | Temple   | Became a worshipper of Uskayaw the Reveller
  4040 | D:5      | Reached * piety under Uskayaw
  4044 | D:5      | Reached ** piety under Uskayaw
  4068 | D:5      | Noticed Pikel
  4093 | D:5      | Reached *** piety under Uskayaw
  4096 | D:5      | Reached **** piety under Uskayaw
  4098 | D:5      | Killed Pikel
  4099 | D:5      | Reached skill level 2 in Invocations
  4099 | D:5      | Gained mutation: You have razor-sharp teeth. [Vine Stalker
                  | growth]
  4099 | D:5      | Reached XP level 8. HP: 27/42 MP: 8/11
  4240 | D:5      | Noticed Blork the orc
  4256 | D:5      | Killed Blork the orc
  4257 | D:5      | Reached skill level 6 in Short Blades
  4301 | D:5      | Noticed Edmund
  4315 | D:5      | Killed Edmund
  4316 | D:5      | Reached skill level 3 in Invocations
  4533 | D:5      | Reached skill level 5 in Fighting
  4586 | D:5      | Reached skill level 5 in Shields
  4877 | D:3      | Reached ***** piety under Uskayaw
  4878 | D:3      | Killed tommooo's ghost
  5000 | D:2      | Bought an embroidered hat for 147 gold pieces
  5139 | D:6      | Reached skill level 4 in Invocations
  5364 | D:6      | Reached XP level 9. HP: 37/47 MP: 11/13
  5537 | D:6      | Learned a level 2 spell: Wereblood
  5556 | D:6      | Reached skill level 7 in Short Blades
  5854 | D:7      | Reached skill level 5 in Invocations
  5862 | D:7      | Reached skill level 1 in Stealth
  5889 | D:7      | Reached skill level 1 in Evocations
  5972 | D:7      | Noticed a purple ugly thing
  5972 | D:7      | Noticed IdlyInterested's ghost (novice DsFi)
  5983 | D:7      | Found a one-way gate to the infinite horrors of the Abyss.
  6000 | D:7      | Found a transporter.
  6130 | D:7      | Reached skill level 1 in Dodging
  6202 | D:7      | Reached skill level 2 in Stealth
  6228 | D:7      | Found a burning altar of Makhleb.
  6231 | D:7      | Found a glowing golden altar of the Shining One.
  6237 | D:7      | Reached skill level 3 in Armour
  6237 | D:7      | Found a broken altar of Ashenzari.
  6239 | D:7      | Found a snail-covered altar of Cheibriados.
  6266 | D:7      | Found a sacrificial altar of Ru.
  6267 | D:7      | Found a hazy altar of Hepliaklqana.
  6275 | D:7      | Found an ornate altar of the Wu Jian Council.
  6290 | D:7      | Found a white marble altar of Elyvilon.
  6542 | D:7      | Found a transporter.
  6761 | D:8      | Found Qeinush's Armour Shop.
  6834 | D:8      | Noticed a hornet
  6840 | D:8      | Killed a hornet
  6841 | D:8      | Reached skill level 6 in Invocations
  6841 | D:8      | Reached skill level 2 in Evocations
  6862 | D:8      | Reached skill level 3 in Stealth
  6888 | D:8      | Reached XP level 10. HP: 50/53 MP: 13/15
  6906 | D:8      | Reached skill level 6 in Fighting
  6989 | D:8      | Noticed a death yak
  6989 | D:8      | Noticed a death yak
  7015 | D:8      | Killed a death yak
  7016 | D:8      | Reached skill level 8 in Short Blades
  7016 | D:8      | Reached skill level 2 in Dodging
  7033 | D:8      | Noticed a death yak
  7039 | D:8      | Noticed a death yak
  7053 | D:8      | Noticed a death yak
  7075 | D:8      | Killed a death yak
  7076 | D:8      | Reached skill level 4 in Stealth
  7079 | D:8      | Killed a death yak
  7080 | D:8      | Reached skill level 3 in Evocations
  7080 | D:8      | Killed a death yak
  7081 | D:8      | Reached skill level 4 in Armour
  7088 | D:8      | Killed a death yak
  7089 | D:8      | Reached skill level 9 in Short Blades
  7089 | D:8      | Reached skill level 3 in Dodging
  7089 | D:8      | Reached skill level 5 in Stealth
  7089 | D:8      | Reached XP level 11. HP: 44/58 MP: 17/17
  7118 | D:8      | Found a staircase to the Lair.
  7266 | D:9      | Noticed a two-headed ogre
  7274 | D:9      | Noticed cdice's ghost (journeyman OgRe)
  7275 | D:9      | Noticed a white ugly thing
  7275 | D:9      | Noticed a boulder beetle
  7305 | D:9      | Found a runed translucent gate.
  7305 | D:9      | Found a runed translucent gate.
  7306 | D:9      | Found a runed translucent gate.
  7755 | D:9      | Reached skill level 7 in Invocations
  8116 | D:10     | Entered Level 10 of the Dungeon
  8416 | D:10     | Paralysed by a hornet for 1 turns
  8425 | D:10     | Reached skill level 4 in Evocations
  8520 | D:10     | Noticed a two-headed ogre
  8545 | D:10     | Killed a two-headed ogre
  8546 | D:10     | Reached skill level 7 in Fighting
  8690 | D:10     | Noticed a two-headed ogre
  8708 | D:10     | Killed a two-headed ogre
  8744 | D:10     | Noticed a two-headed ogre
  8760 | D:10     | Killed a two-headed ogre
  8761 | D:10     | Reached skill level 4 in Dodging
  8825 | D:10     | Reached skill level 5 in Armour
  8842 | D:10     | Reached ****** piety under Uskayaw
  8846 | D:10     | Reached skill level 10 in Short Blades
  8966 | D:10     | Found a stormy altar of Qazlal.
  9190 | D:10     | Noticed a wizard
  9211 | D:10     | Killed a wizard
  9212 | D:10     | Reached skill level 5 in Evocations
  9244 | D:10     | Noticed a tengu warrior
  9262 | D:10     | Killed a tengu warrior
  9263 | D:10     | Reached XP level 12. HP: 63/63 MP: 18/18
  9322 | D:11     | Identified a scroll of acquirement
  9401 | D:11     | Reached skill level 8 in Invocations
 10090 | D:11     | Reached skill level 1 in Throwing
 10345 | D:12     | Reached skill level 5 in Dodging
 10460 | D:12     | Reached skill level 8 in Fighting
 10460 | D:12     | Reached skill level 2 in Throwing
 10799 | D:12     | Reached skill level 6 in Evocations
 10857 | D:12     | Found a staircase to the Orcish Mines.
 10883 | D:12     | Reached skill level 3 in Throwing
 11280 | D:7      | Killed IdlyInterested's ghost
 11281 | D:7      | Reached skill level 9 in Invocations
 11413 | Lair:1   | Entered Level 1 of the Lair of Beasts
 11627 | Lair:1   | Reached skill level 4 in Throwing
 11643 | Lair:1   | Reached skill level 6 in Stealth
 11692 | Lair:1   | Reached XP level 13. HP: 40/70 MP: 11/21
 11772 | Lair:1   | Reached skill level 9 in Fighting
 12405 | Lair:2   | Noticed Amaemon
 12478 | Lair:2   | HP: 7/70 [poisoned by a cane toad]
 12665 | Lair:2   | Killed Amaemon
 12666 | Lair:2   | Reached skill level 7 in Stealth
 12935 | Lair:2   | Reached skill level 6 in Armour
 12953 | Lair:1   | Reached skill level 5 in Throwing
 13143 | Lair:2   | Reached skill level 10 in Invocations
 13297 | Lair:2   | Got the Parchment of Filth and Reformation
 13374 | Lair:2   | Reached skill level 8 in Stealth
 13515 | Lair:2   | Found a staircase to the Swamp.
 14086 | Lair:3   | Noticed Nessos
 14106 | Lair:3   | HP: 7/71 [poisoned by Nessos]
 14110 | Lair:3   | HP: 3/71 [poisoned by Nessos]
 14110 | Lair:3   | Shot with an arrow by Nessos

Vanquished Creatures
  3 hydras (Lair:2)
  A catoblepas (Lair:1)
  5 death yaks (D:8)
  3 two-headed ogres (D:10)
  A tengu warrior (D:10)
  Amaemon (Lair:2)
  A wizard (D:10)
  Pikel (D:5)
  2 ugly things (D:12 D:7)
  The ghost of IdlyInterested the Trooper, a novice DsFi (D:7)
  A deep elf pyromancer (D:12)
  A black mamba (Lair:2)
  An orange demon (Lair:2)
  8 cane toads (Lair:1 Lair:2)
  A torpor snail (Lair:2)
  An unseen horror (D:12)
  A rime drake (Lair:1)
  3 komodo dragons (Lair:1 Lair:2)
  4 gargoyles (D:10 D:12)
  A kobold demonologist (D:10)
  5 trolls (D:9 D:10 D:11 D:12)
  A polar bear (Lair:2)
  A wolf spider simulacrum (D:12)
  A tyrant leech (Lair:2)
  4 hornets (D:8 D:10)
  8 blink frogs (Lair:1 Lair:2)
  4 dream sheep (Lair:1 Lair:2)
  2 small abominations (D:7)
  A shadow (D:10)
  5 wyverns (D:8 D:10 Lair:1 Lair:2)
  2 wraiths (D:10 D:12)
  2 basilisks (Lair:2 Lair:3)
  28 yaks (D:8 D:10 D:11 Lair:1 Lair:2)
  2 steam dragons (D:7 D:10)
  3 vampire mosquitoes (D:12)
  2 swamp worms (Lair:2)
  2 acid dragons (D:10 D:8)
  Edmund (D:5)
  4 water moccasins (D:6 D:8 Lair:1 Lair:2)
  The ghost of tommooo the Caller, an amateur DESu (D:3)
  13 orc warriors (D:9 D:10 D:11 D:12 D:7)
  3 black bears (D:4 D:7 Lair:1)
  An ogre (D:12)
  A sky beast (D:7)
  4 centaurs (D:5 D:7 D:10 D:11)
  A phantom (D:7)
  Blork the orc (D:5)
  6 kobold brigands (D:7 D:12)
  12 bullfrogs (D:7 D:8 Lair:1 Lair:2)
  2 scorpions (D:7)
  3 gnoll sergeants (D:8 D:12)
  5 wights (D:7)
  A killer bee (D:10)
  4 howler monkeys (D:7 D:10)
  2 jellies (D:6 D:7)
  A gnoll bouda (D:6)
  3 orc priests (D:9 D:10)
  4 hounds (D:6 D:7)
  Terence (D:3)
  2 sleepcaps (D:5 D:6)
  Jessica (D:3)
  Ijyb (D:3)
  An iguana (D:5)
  7 orc wizards (D:3 D:5 D:6 D:9)
  Robin (D:2)
  8 adders (D:2 D:3 D:4 D:5)
  15 gnolls (D:2 D:5 D:6 D:8)
  2 shadow imps (D:5 D:7)
  3 white imps (D:5 D:7)
  2 ufetubi (D:5 D:6)
  2 worms (D:2 D:3)
  A dart slug (D:2)
  39 orcs (D:3 D:6 D:7 D:8 D:9)
  5 endoplasms (D:1 D:2 D:3 D:4)
  A giant cockroach (D:2)
  19 goblins (D:1 D:2 D:3 D:4)
  15 hobgoblins (D:1 D:2 D:3 D:4)
  6 kobolds (D:2 D:4 D:7)
  4 quokkas (D:2 D:3 D:4)
  5 ball pythons (D:1 D:2 D:3 D:4)
  A bat (D:1)
  2 frilled lizards (D:2)
  8 rats (D:1 D:2 D:3)
339 creatures vanquished.

Vanquished Creatures (others)
  A centaur (D:10)
  A gnoll sergeant (D:10)
  4 gnolls (D:10)
  2 fungi (Lair:2 Lair:3)
  14 plants (D:10 Lair:1 Lair:2 Lair:3)
22 creatures vanquished.

Grand Total: 361 creatures vanquished

Table legend: (Time is in decaauts)
 A = Elapsed time spent in this place.
 B = Non-inter-level travel time spent in this place.
 C = Inter-level travel time spent in this place.
 D = Time resting spent in this place.
 E = Time spent auto-exploring this place.
 F = Levels seen in this place.
 G = Mean time per level.
                   A        B        C        D        E       F      G
               +--------+--------+--------+--------+--------+-----+--------+
         Total |  13784 |  13025 |    759 |    745 |   8698 |  16 |  861.5 |
       Dungeon |  11004 |  10411 |    593 |    414 |   7150 |  12 |  917.0 |
        Temple |    251 |    251 |      0 |      0 |    225 |   1 |  251.0 |
          Lair |   2529 |   2363 |    166 |    330 |   1323 |   3 |  843.0 |
               +--------+--------+--------+--------+--------+-----+--------+

Top non-repeatable levels by time:
  Lair:1: 1255 daAuts
  Lair:2: 1218 daAuts
     D:3: 1151 daAuts
    D:10: 1150 daAuts
     D:7: 1132 daAuts
     D:2: 1085 daAuts
     D:1: 1017 daAuts
     D:5: 991 daAuts
     D:9: 968 daAuts
    D:11: 875 daAuts
    D:12: 757 daAuts
     D:4: 663 daAuts
     D:6: 646 daAuts
     D:8: 564 daAuts
  Temple: 251 daAuts

Table legend:
 A = Non-vault XP
 B = Vault XP
 C = Vault XP percentage of total XP
 D = Non-vault monster count
 E = Vault monster count
 F = Vault count percentage of total count
                 A         B        C        D         E       F
            +---------+---------+-------+---------+---------+-------
      Total |   26935 |   21323 |  44.2 |     228 |     110 |  32.5
            +---------+---------+-------+---------+---------+-------
        D:1 |      14 |       6 |  30.0 |       9 |       3 |  25.0
        D:2 |      94 |      29 |  23.6 |      17 |       8 |  32.0
        D:3 |     108 |     300 |  73.5 |      26 |      19 |  42.2
        D:4 |     150 |       4 |   2.6 |       7 |       2 |  22.2
        D:5 |     419 |     882 |  67.8 |      16 |       3 |  15.8
        D:6 |     512 |       0 |   0.0 |      17 |       0 |   0.0
        D:7 |     931 |    2432 |  72.3 |      17 |      14 |  45.2
        D:8 |    1114 |    4461 |  80.0 |      13 |       7 |  35.0
        D:9 |     762 |       0 |   0.0 |      16 |       0 |   0.0
       D:10 |    1791 |    6790 |  79.1 |       9 |      24 |  72.7
       D:11 |    2611 |       0 |   0.0 |      15 |       0 |   0.0
       D:12 |    3695 |    1872 |  33.6 |      11 |      20 |  64.5
     Lair:1 |    6574 |     447 |   6.4 |      25 |       1 |   3.8
     Lair:2 |    7967 |    4100 |  34.0 |      29 |       9 |  23.7
     Lair:3 |     193 |       0 |   0.0 |       1 |       0 |   0.0
            +---------+---------+-------+---------+---------+-------
